AoeStats
← mojro

Nomad

508841468Analyzed
3v3 RM · 8d ago on Sep 24, 2026· 24m 59s· 6 players
Game mode
Random Map
Map size
210×210
Population
200
Speed
Normal
Resources
Standard
Victory
Conquest
Starting age
Dark Age
Ending age
Imperial Age
RankedLock teamsTeams togetherTeam positionsShared explorationLock speedFull tech treeHidden civsTurbo modeCheats
Victory
Defeat
🇨🇿 Franks · Czechia
975
+15
🇻🇪 Spanish · Venezuela
930
+17
🇷🇺 Varangians · Russia
924
+17
🇨🇳 Danes · China
955
-17
🇨🇳 Varangians · China
949
-16
🇦🇺 Varangians · Australia
942
-16
shamannking1993
4:35 Loom
17:04 Feudal Age
25:08 Castle Age
25:20 Wheelbarrow
mojro
12:38 Loom
13:35 Loom
16:06 Feudal Age
20:00 Castle Age
17:50 Double-Bit Axe
18:00 Gold Mining
18:25 Scale Barding Armor
19:35 Forging
20:04 Wheelbarrow
21:41 Chain Barding Armor
23:24 Hand Cart
Mojojoto
4:03 Loom
14:12 Feudal Age
14:55 Horse Collar
17:25 Double-Bit Axe
18:53 Wheelbarrow
21:54 Castle Age
23:42 Hand Cart
Cwark San
3:53 Loom
14:34 Feudal Age
19:40 Castle Age
18:45 Fishing Lines
20:15 Scale Barding Armor
21:15 Husbandry
22:11 Gold Mining
23:10 Double-Bit Axe
QHX
16:32 Feudal Age
17:42 Fishing Lines
21:38 Castle Age
20:03 Double-Bit Axe
20:21 Horse Collar
22:39 Heavy Plow
22:38 Loom
Aisha
11:32 Loom
13:33 Feudal Age
14:15 Double-Bit Axe
20:33 Castle Age
18:30 Fishing Lines
22:44 Bow Saw
23:05 Scale Mail Armor
Connection lost

Rejoining the realm…

Still unreachable

The connection could not be restored.

Session expired

The server has moved on; the page needs a fresh start.